 Dungeon Crawl Stone Soup version 0.25-b1-23-ge2ad7d536c (webtiles) character file.

Game seed: 9790770878710746701, levelgen mode: deterministic

5 Esekla the Skirmisher (level 1, -1/14 HPs)
             Began as a Vine Stalker Wanderer on May 29, 2020.
             Was an Initiate of Vehumet.
             Slain by a gnoll
             ... wielding a +0 halberd
              (6 damage)
             ... on level 1 of the Dungeon.
             The game lasted 00:02:58 (461 turns).

Esekla the Skirmisher (Vine Stalker Wanderer)        Turns: 461, Time: 00:02:58

Health: -1/14      AC:  5    Str: 15    XL:     1   Next: 80%
Magic:  0/2        EV: 11    Int: 10    God:    Vehumet [......]
Gold:   28         SH:  0    Dex: 14    Spells: 0/0 levels left

rFire    . . .     SeeInvis .   a - +2 short sword
rCold    . . .     Gourm    .   (no shield)
rNeg     . . .     Faith    .   h - +0 leather armour
rPois    .         Spirit   +   g - +0 helmet
rElec    .         Reflect  .   l - +0 cloak
rCorr    .         Harm     .   (no gloves)
MR       .....                  (no boots)
Stlth    ++........             (no amulet)
HPRegen  0.04/turn              (no ring)
MPRegen  0.08/turn              (no ring)

@: no status effects
A: fangs 2, magic shield, antimagic bite, no potion heal 3, rot immunity
a: Renounce Religion


You were on level 1 of the Dungeon.
You worshipped Vehumet.
Vehumet was noncommittal.
You were not hungry.

You visited 1 branch of the dungeon, and saw 2 of its levels.

You collected 28 gold pieces.

Inventory:

Hand Weapons
 a - a +2 short sword (weapon)
 b - a +0 quarterstaff
 e - a +1 short sword of speed
Armour
 g - a +0 helmet (worn)
 h - a +0 leather armour (worn)
 l - a +0 cloak (worn)
Scrolls
 d - a scroll of magic mapping {unknown}
 j - a scroll of enchant weapon {unknown}
 k - a scroll of enchant armour {unknown}
Potions
 c - a potion of curing
 i - a potion of flight {unknown}
Comestibles
 f - 4 rations


   Skills:
 + Level 5.5 Fighting
 * Level 1.3 Short Blades
 + Level 1.0 Dodging
 + Level 1.2 Stealth
   Level 1.0 Shields


You couldn't memorise any spells.
You didn't know any spells.
Your spell library was empty.

Dungeon Overview and Level Annotations

Branches:
Dungeon (2/15)

Altars:
Vehumet


Innate Abilities, Weirdness & Mutations

You have extremely sharp teeth.
When hurt, damage is shared between your health and your magic reserves.
Your bite disrupts and absorbs the magic of your enemies.
Potions cannot restore your health.
You are immune to rotting.


Message History

You finish putting on your +0 cloak.
The gnoll shouts!
The gnoll closely misses you.
You hit the gnoll.
The gnoll is moderately wounded.
The gnoll barely misses you.
You closely miss the gnoll. You bite the gnoll. You drain its power.
The gnoll is heavily wounded.
The gnoll closely misses you.
You hit the gnoll.
The gnoll is heavily wounded.
You barely miss the gnoll.
The gnoll is heavily wounded.
The gnoll hits you with a +0 halberd!
Ouch! That really hurt!
You hit the gnoll. You bite the gnoll. You drain its power.
You feel invigorated.
The gnoll is almost dead.
The gnoll hits you with a +0 halberd!
You die...

######.# ...# # #.# #..# #
####.######## #..##
###...........#########.!.#
##..#########..##....##...##
#..##.......##..#.##.##....#
..##.#######.##...........g#
.##.##.....##.##.##.#####..#
.#.##.#####.##.#@##.# #.g#
.#.'.##...##.#.#g##.######.##
.#.#.#.###.#.#(#.##........>#
.###.##'<#.#.#.#.##..########
.#.#.#.###.###.#.##..#######
.#.#.##...##.#.#.#.........#
...##.###'#.##.#.#.#######.###.#
.##.##.....##.##.#.##..........#
.(##.#######.##..#.##.####.#####


You could see a gnoll.

Vanquished Creatures
  A ball python (D:1)
  A giant cockroach (D:1)
  A hobgoblin (D:1)
  A goblin (D:1)
  A rat (D:1)
5 creatures vanquished.

Notes
Turn   | Place    | Note
-------+----------+-------------------------------------------
     0 | D:1      | Esekla the Vine Stalker Wanderer began the quest for the
                  | Orb.
     0 | D:1      | Esekla set off with the following items: a +2 short sword,
                  | a +0 quarterstaff, a potion of curing, a +0 robe, a ration
     0 | D:1      | Reached XP level 1. HP: 14/14 MP: 2/2
   286 | D:2      | Found a radiant altar of Vehumet.
   290 | D:2      | Became a worshipper of Vehumet
   461 | D:1      | Slain by a gnoll

Illustrated notes

Levels and vault maps discovered:
D:1:      evilmike_arrival_rings, layout_basic, hangedman_decor_points
D:2:      layout_loops_ring, vehumet_crystals

Action                   || total
-------------------------++-------
Melee: Short sword       ||    16
       Bite              ||     5
Armor: Leather armour    ||     3
Dodge: Dodged            ||     7
